SAA
TACOMA FUR TRADERS @ WESTWOOD SIXSHOOTERS
05/31/2028
 
TOP OF THE 1ST
Tacoma Fur Traders batting - Pitching for Westwood Sixshooters : RHP Antoine Ayuso
Pitching: RHP Antoine Ayuso
Batting: RHB Gustavo González 0-0: Foul Ball, location: 2F
0-1: Ground out 5-3 (Groundball, 56)
Batting: LHB Ryan Marken 0-0: Ball
1-0: Ball
2-0: SINGLE (Line Drive, 7LS)
Batting: RHB Ken Bone 0-0: Called Strike
0-1: Fly out, F9 (Flyball, 89M)
Batting: RHB Tim Lehman 0-0: Ground out 1-3 (Groundball, 13)
Top of the 1st over - 0 run(s), 1 hit(s), 0 error(s), 1 left on base; Tacoma 0 - Westwood 0
BOTTOM OF THE 1ST
Westwood Sixshooters batting - Pitching for Tacoma Fur Traders : RHP Luis Castrejón
Pitching: RHP Luis Castrejón
Batting: LHB António Quintero 0-0: Called Strike
0-1: Called Strike
0-2: Ball
1-2: Foul Ball, location: 2F
1-2: Ball
2-2: Ball
3-2: Foul Ball, location: 2F
3-2: Strikes out looking
Batting: LHB Juan Romero 0-0: SINGLE (Groundball, 34D)
Batting: RHB Steve Bock 0-0: Called Strike
Juan Romero is caught stealing 2nd base
0-1: Ball
1-1: Foul Ball, location: 2F
1-2: Strikes out looking
Bottom of the 1st over - 0 run(s), 1 hit(s), 0 error(s), 0 left on base; Tacoma 0 - Westwood 0
TOP OF THE 2ND
Tacoma Fur Traders batting - Pitching for Westwood Sixshooters : RHP Antoine Ayuso
Batting: RHB Luis Flores 0-0: Ball
1-0: Foul Ball, location: 2F
1-1: SINGLE (Line Drive, 4MD)
Batting: RHB Nick Boyd 0-0: Called Strike
0-1: Ball
1-1: Called Strike
1-2: Ball
2-2: Foul Ball, location: 2F
2-2: Foul Ball, location: 2F
2-2: Ball
3-2: Fly out, F8 (Flyball, 78XD)
Batting: LHB Jim Unknown 0-0: SINGLE (Flyball, 7LS)
Luis Flores to second
Batting: SHB Carlos Alicea 0-0: Ball
1-0: Ball
2-0: Fly out, F7 (Flyball, 78M)
Batting: RHB Roberto Aguirre 0-0: Ball
1-0: Called Strike
1-1: Ball
Wild Pitch!
Luis Flores to third
Jim Unknown to second
2-1: Called Strike
2-2: Ground out 5-3 (Groundball, 56)
Top of the 2nd over - 0 run(s), 2 hit(s), 0 error(s), 2 left on base; Tacoma 0 - Westwood 0
BOTTOM OF THE 2ND
Westwood Sixshooters batting - Pitching for Tacoma Fur Traders : RHP Luis Castrejón
Batting: LHB Mitchell Cusimano 0-0: Swinging Strike
0-1: Fly out, F9 (Flyball, 9)
Batting: LHB Lorenzo Díaz 0-0: Ball
1-0: Foul Ball, location: 2F
1-1: Foul Ball, location: 2F
1-2: Ground out 4-3 (Groundball, 4)
Batting: RHB Alonso Zamora 0-0: Ball
1-0: Swinging Strike
1-1: Fly out, F8 (Flyball, 8LM)
Bottom of the 2nd over - 0 run(s), 0 hit(s), 0 error(s), 0 left on base; Tacoma 0 - Westwood 0
TOP OF THE 3RD
Tacoma Fur Traders batting - Pitching for Westwood Sixshooters : RHP Antoine Ayuso
Batting: RHB Gustavo González 0-0: Ball
1-0: Fly out, F8 (Line Drive, 8LM)
Batting: LHB Ryan Marken 0-0: SINGLE (Line Drive, 34D)
Batting: RHB Ken Bone 0-0: Grounds into double play, 4-6-3 (Groundball, 34)
Top of the 3rd over - 0 run(s), 1 hit(s), 0 error(s), 0 left on base; Tacoma 0 - Westwood 0
BOTTOM OF THE 3RD
Westwood Sixshooters batting - Pitching for Tacoma Fur Traders : RHP Luis Castrejón
Batting: LHB Phil Minor 0-0: Swinging Strike
0-1: Foul Ball, location: 2F
0-2: Ball
1-2: Strikes out swinging
Batting: RHB Alberto Lastaneda 0-0: Fly out, F8 (Flyball, 89M)
Batting: RHB Edgar González 0-0: Ball
1-0: Ball
2-0: Ball
3-0: Called Strike
3-1: Ground out 6-3 (Groundball, 6)
Bottom of the 3rd over - 0 run(s), 0 hit(s), 0 error(s), 0 left on base; Tacoma 0 - Westwood 0
TOP OF THE 4TH
Tacoma Fur Traders batting - Pitching for Westwood Sixshooters : RHP Antoine Ayuso
Batting: RHB Tim Lehman 0-0: Ball
1-0: Called Strike
1-1: Ball
2-1: Fly out, F9 (Flyball, 9LMF)
Batting: RHB Luis Flores 0-0: Ball
1-0: Called Strike
1-1: Swinging Strike
1-2: Fly out, F6 (Popup, 6MD)
Batting: RHB Nick Boyd 0-0: Ball
1-0: Ball
2-0: Ball
3-0: Base on Balls
Batting: LHB Jim Unknown 0-0: Ball
1-0: Ball
2-0: Called Strike
2-1: Foul Ball, location: 2F
2-2: Ball
3-2: Foul Ball, location: 2F
3-2: Base on Balls
Nick Boyd to second
Batting: SHB Carlos Alicea 0-0: Called Strike
0-1: Ball
1-1: Swinging Strike
1-2: Foul Ball, location: 2F
1-2: Ball
2-2: Foul Ball, location: 2F
2-2: Ball
3-2: Base on Balls
Nick Boyd to third
Jim Unknown to second
Batting: RHB Roberto Aguirre 0-0: Ball
1-0: Foul Ball, location: 2F
1-1: Swinging Strike
1-2: Strikes out swinging
Top of the 4th over - 0 run(s), 0 hit(s), 0 error(s), 3 left on base; Tacoma 0 - Westwood 0
BOTTOM OF THE 4TH
Westwood Sixshooters batting - Pitching for Tacoma Fur Traders : RHP Luis Castrejón
Batting: LHB António Quintero 0-0: Called Strike
0-1: Ground out U3 (Groundball, 3)
Batting: LHB Juan Romero 0-0: Ground out 4-3 (Groundball, 4)
Batting: RHB Steve Bock 0-0: Called Strike
0-1: Foul Ball, location: 2F
0-2: TRIPLE (Line Drive, 7LM)
Batting: LHB Mitchell Cusimano 0-0: Called Strike
0-1: Foul Ball, location: 2F
0-2: Ground out 6-3 (Groundball, 6)
Bottom of the 4th over - 0 run(s), 1 hit(s), 0 error(s), 1 left on base; Tacoma 0 - Westwood 0
TOP OF THE 5TH
Tacoma Fur Traders batting - Pitching for Westwood Sixshooters : RHP Antoine Ayuso
Batting: RHB Gustavo González 0-0: Called Strike
0-1: Foul Ball, location: 2F
0-2: Ball
1-2: Strikes out swinging
Batting: LHB Ryan Marken 0-0: Called Strike
0-1: SINGLE (Line Drive, 34)
Batting: RHB Ken Bone 0-0: Ball
Ryan Marken is caught stealing 2nd base
1-0: Foul Ball, location: 2F
1-1: SINGLE (Groundball, 4MD)
Batting: RHB Tim Lehman 0-0: Ball
1-0: Ball
2-0: Ball
3-0: Foul Ball, location: 2F
3-1: Foul Ball, location: 2F
3-2: Base on Balls
Ken Bone to second
Pitching: RHP Esteban García
Batting: RHB Luis Flores 0-0: Called Strike
0-1: Swinging Strike
0-2: Foul Ball, location: 2F
0-2: Ball
1-2: Ball
2-2: Strikes out looking
Top of the 5th over - 0 run(s), 2 hit(s), 0 error(s), 2 left on base; Tacoma 0 - Westwood 0
BOTTOM OF THE 5TH
Westwood Sixshooters batting - Pitching for Tacoma Fur Traders : RHP Luis Castrejón
Batting: LHB Lorenzo Díaz 0-0: Ball
1-0: Ball
2-0: Called Strike
2-1: Fly out, F6 (Line Drive, 6D)
Batting: RHB Alonso Zamora 0-0: Fly out, F7 (Flyball, 7LS)
Batting: LHB Phil Minor 0-0: Ball
1-0: Ball
2-0: Ball
3-0: Called Strike
3-1: Ball
Batting: RHB Alberto Lastaneda 0-0: Ball
1-0: Foul Ball, location: 2F
1-1: Swinging Strike
1-2: Ball
2-2: Ground out U3 (Groundball, 3)
Bottom of the 5th over - 0 run(s), 0 hit(s), 0 error(s), 1 left on base; Tacoma 0 - Westwood 0
TOP OF THE 6TH
Tacoma Fur Traders batting - Pitching for Westwood Sixshooters : RHP Esteban García
Batting: RHB Nick Boyd 0-0: Ball
1-0: Called Strike
1-1: Ball
2-1: Called Strike
2-2: Ball
3-2: Base on Balls
Batting: LHB Jim Unknown 0-0: Called Strike
0-1: Bunted foul
0-2: Strikes out looking
Batting: SHB Carlos Alicea 0-0: Ball
1-0: Ball
2-0: Ball
3-0: Called Strike
3-1: Called Strike
3-2: Fly out, F8 (Flyball, 8RM)
Batting: RHB Roberto Aguirre 0-0: Foul Ball, location: 2F
0-1: Swinging Strike
0-2: Foul Ball, location: 2F
0-2: Foul Ball, location: 2F
0-2: Foul Ball, location: 2F
0-2: Ball
1-2: Foul Ball, location: 2F
1-2: Ball
2-2: Ball
3-2: Base on Balls
Nick Boyd to second
Batting: RHB Gustavo González 0-0: Ball
1-0: Called Strike
1-1: Swinging Strike
1-2: Ball
2-2: Foul Ball, location: 2F
2-2: Ball
3-2: DOUBLE (Line Drive, 9LM)
Nick Boyd scores
Roberto Aguirre to third
Roberto Aguirre scores
Batting: LHB Ryan Marken 0-0: Ball
1-0: Foul Ball, location: 2F
1-1: Foul Ball, location: 2F
1-2: Foul Ball, location: 2F
1-2: Ball
2-2: Foul Ball, location: 2F
2-2: Foul Ball, location: 2F
2-2: Ground out 4-3 (Groundball, 4)
Top of the 6th over - 2 run(s), 1 hit(s), 0 error(s), 1 left on base; Tacoma 2 - Westwood 0
BOTTOM OF THE 6TH
Westwood Sixshooters batting - Pitching for Tacoma Fur Traders : RHP Luis Castrejón
Batting: RHB Edgar González 0-0: Ground out 6-3 (Groundball, 6)
Batting: LHB António Quintero 0-0: Swinging Strike
0-1: Foul Ball, location: 2F
0-2: Ball
1-2: Foul Ball, location: 2F
1-2: Ball
2-2: Ground out 1-3 (Groundball, 13S)
Batting: LHB Juan Romero 0-0: Ground out U3 (Groundball, 3)
Bottom of the 6th over - 0 run(s), 0 hit(s), 0 error(s), 0 left on base; Tacoma 2 - Westwood 0
TOP OF THE 7TH
Tacoma Fur Traders batting - Pitching for Westwood Sixshooters : RHP Esteban García
Batting: RHB Ken Bone 0-0: Ground out 6-3 (Groundball, 56)
Batting: RHB Tim Lehman 0-0: Swinging Strike
0-1: Swinging Strike
0-2: Foul Ball, location: 2F
0-2: Fly out, F7 (Flyball, 7LM)
Pitching: RHP Alfonso Santa Maria
Batting: RHB Luis Flores 0-0: Ball
1-0: Foul Ball, location: 2F
1-1: Called Strike
1-2: Ball
2-2: Strikes out swinging
Top of the 7th over - 0 run(s), 0 hit(s), 0 error(s), 0 left on base; Tacoma 2 - Westwood 0
BOTTOM OF THE 7TH
Westwood Sixshooters batting - Pitching for Tacoma Fur Traders : RHP Luis Castrejón
Batting: RHB Steve Bock 0-0: Ground out 6-3 (Groundball, 6M)
Batting: LHB Mitchell Cusimano 0-0: Called Strike
0-1: Ground out U3 (Groundball, 3)
Batting: LHB Lorenzo Díaz 0-0: Ball
1-0: Called Strike
1-1: Ball
2-1: Ball
3-1: Foul Ball, location: 2F
3-2: Strikes out swinging
Bottom of the 7th over - 0 run(s), 0 hit(s), 0 error(s), 0 left on base; Tacoma 2 - Westwood 0
TOP OF THE 8TH
Tacoma Fur Traders batting - Pitching for Westwood Sixshooters : RHP Alfonso Santa Maria
Batting: RHB Nick Boyd 0-0: Ball
1-0: Swinging Strike
1-1: Called Strike
1-2: Foul Ball, location: 2F
1-2: Ball
2-2: Reached on error, E5 (Groundball, 56)
Batting: LHB Jim Unknown 0-0: Bunt missed!
0-1: Ball
1-1: Reached on error, E2 (Groundball, 23)
Nick Boyd to third
Batting: SHB Carlos Alicea 0-0: Swinging Strike
0-1: Ball
1-1: Foul Ball, location: 2F
1-2: Foul Ball, location: 2F
1-2: Strikes out looking
Pinch Hitting: LHB Jim Unknown 0-0: Fly out, F8 (Flyball, 8RM)
Runner from 3rd tags up, OUT at HOME
Top of the 8th over - 0 run(s), 0 hit(s), 2 error(s), 1 left on base; Tacoma 2 - Westwood 0
BOTTOM OF THE 8TH
Westwood Sixshooters batting - Pitching for Tacoma Fur Traders : RHP Luis Castrejón
Now at 3B: Jim Unknown
Batting: RHB Alonso Zamora 0-0: Ball
1-0: Ground out 4-3 (Groundball, 4)
Batting: LHB Phil Minor 0-0: Fly out, F4 (Line Drive, 4)
Batting: RHB Alberto Lastaneda 0-0: Ball
1-0: Fly out, F9 (Flyball, 9)
Bottom of the 8th over - 0 run(s), 0 hit(s), 0 error(s), 0 left on base; Tacoma 2 - Westwood 0
TOP OF THE 9TH
Tacoma Fur Traders batting - Pitching for Westwood Sixshooters : RHP Alfonso Santa Maria
Batting: RHB Gustavo González 0-0: Ball
1-0: Fly out, F3 (Flyball, 3DF)
Batting: LHB Ryan Marken 0-0: Ball
1-0: Called Strike
1-1: Ball
2-1: Foul Ball, location: 2F
2-2: Foul Ball, location: 2F
2-2: Ball
3-2: Foul Ball, location: 2F
3-2: Foul Ball, location: 2F
3-2: Base on Balls
Batting: RHB Ken Bone 0-0: Ball
1-0: Ball
2-0: Foul Ball, location: 2F
2-1: Ball
3-1: Base on Balls
Ryan Marken to second
Batting: RHB Tim Lehman 0-0: Fielders Choice at 2nd, 4-6 (Groundball, 34)
Ryan Marken to third
Pinch Hitting: LHB Jim Unknown 0-0: Foul Ball, location: 2F
0-1: Ball
1-1: Ball
2-1: Foul Ball, location: 2F
2-2: Strikes out swinging
Top of the 9th over - 0 run(s), 0 hit(s), 0 error(s), 2 left on base; Tacoma 2 - Westwood 0
BOTTOM OF THE 9TH
Westwood Sixshooters batting - Pitching for Tacoma Fur Traders : RHP Luis Castrejón
Now at 2B: Carlos Correa
Batting: RHB Edgar González 0-0: Ball
1-0: Called Strike
1-1: Foul Ball, location: 2F
1-2: Strikes out swinging
Batting: LHB António Quintero 0-0: Ground out 6-3 (Groundball, 6)
Batting: LHB Juan Romero 0-0: Ball
1-0: Foul Ball, location: 2F
1-1: Ball
2-1: Swinging Strike
2-2: Strikes out swinging
Bottom of the 9th over - 0 run(s), 0 hit(s), 0 error(s), 0 left on base; Tacoma 2 - Westwood 0
Monday, July 17th, 2017 - OOTP Baseball 17.12 Build 75